 Dungeon Crawl Stone Soup version 0.29.0-13-gc9e81de378 (webtiles) character file.

Game seed: 7116585517947379702

2419 Powertoast the Scholar of Death (level 9, -2/89 HPs)
             Began as an Ogre Necromancer on Sept 11, 2022.
             Was a Follower of Kikubaaqudgha.
             Slain by a killer bee (7 damage)
             ... on level 7 of the Dungeon.
             The game lasted 00:37:01 (10260 turns).

Powertoast the Scholar of Death (Ogre Necromancer) Turns: 10260, Time: 00:37:03

Health: -2/89      AC:  5    Str: 14    XL:     9   Next: 48%
Magic:  16/17      EV:  9    Int: 20    God:    Kikubaaqudgha [*.....]
Gold:   371        SH:  0    Dex:  9    Spells: 0/19 levels left

rFire   . . .      SeeInvis .   b - +0 quarterstaff
rCold   . . .      Faith    .   (shield currently unavailable)
rNeg    . . .      Spirit   .   J - +1 robe {Will+}
rPois   .          Reflect  .   (helmet restricted)
rElec   .          Harm     .   t - +0 cloak
rCorr   .          Rampage  .   (gloves unavailable)
Will    ++...                   (boots unavailable)
Stlth   +.........              (no amulet)
HPRegen 0.24/turn               C - ring of willpower
MPRegen 0.15/turn               (no ring)

@: mighty, lethally poisoned (-2 -> -6), marked, animating dead
A: large, unfitting armour, tough skin 1
a: Renounce Religion, Unearth Wretches


You were on level 7 of the Dungeon.
You worshipped Kikubaaqudgha.
Kikubaaqudgha was aware of your devotion.
You visited 1 branch of the dungeon, and saw 7 of its levels.

You collected 371 gold pieces.

Inventory:

Hand Weapons
 b - a +0 quarterstaff (weapon)
 f - a +0 dagger
 g - a +0 short sword
Missiles
 d - 2 large rocks (quivered)
 F - a throwing net
 I - 5 atropa-tipped darts
Armour
 a - a +0 robe
 e - a +2 robe of the Archmagi
 t - a +0 cloak (worn)
 v - a +2 robe of cold resistance
 J - a +1 robe of willpower (worn)
 M - +0 acid dragon scales
Magical Staves
 m - a staff of fire
 r - a staff of air
Jewellery
 k - a ring of ice
 C - a ring of willpower (left hand)
Wands
 u - a wand of quicksilver (1)
Scrolls
 j - 3 scrolls of enchant weapon
 l - 2 scrolls of amnesia
 o - a scroll of immolation {unknown}
 p - 2 scrolls of fog
 q - a scroll of torment {unknown}
 s - a scroll of magic mapping {unknown}
 y - 3 scrolls of vulnerability
 z - a scroll of noise {unknown}
 A - a scroll of fear {unknown}
 B - 2 scrolls of silence
 H - a scroll of teleportation
Potions
 c - a potion of flight {unknown}
 i - 2 potions of mutation
 n - a potion of might
 w - 2 potions of ambrosia {unknown}
 x - a potion of brilliance {unknown}
 D - a potion of cancellation {unknown}
 E - a potion of lignification {unknown}
 G - a potion of degeneration {unknown}
 L - a potion of magic


   Skills:
 + Level 5.8 Fighting
 + Level 4.9 Staves
 + Level 1.8 Throwing
 - Level 1.7 Dodging
 - Level 1.4 Stealth
 + Level 5.6 Spellcasting
 * Level 7.5 Necromancy
 + Level 1.7 Ice Magic
 + Level 3.9 Evocations


You couldn't memorise any spells.
You knew the following spells:

 Your Spells              Type           Power      Damage    Failure   Level
a - Necrotise             Necr           100%       1d9       1%          1
b - Vampiric Draining     Necr           35%        2d8       1%          3
c - Freeze                Ice            48%        1d7       5%          1
d - Sublimation of Blood  Necr           35%        N/A       1%          2
e - Animate Dead          Necr           35%        N/A       4%          4
f - Agony                 Necr           35%        N/A       14%         5
g - Frozen Ramparts       Ice            24%        1d4       16%         3

Your spell library contained the following spells:

 Spells                   Type           Power      Damage    Failure   Level
 Anguish                  Hex/Necr       10%        N/A       24%         4
 Conjure Flame            Conj/Fire      5%         6-21      32%         3
 Ignite Poison            Fire/Tmut/Pois 5%         N/A       32%         3
 Hailstorm                Conj/Ice       9%         3d4       58%         4
 Sticky Flame             Conj/Fire      5%         2d3       73%         4


Dungeon Overview and Level Annotations

Branches:
Dungeon (7/15)             Temple (0/1) D:5

Altars:
Fedhas
Kikubaaqudgha
Makhleb
Ru
Vehumet
Xom
Yredelemnul

Shops:
D:2 :[

Annotations:
D:5 2 transporters


Innate Abilities, Weirdness & Mutations

You are too large for most types of armour.
You have tough skin. (AC +1)


Message History

The kobold brigand attacks as you move away!
The kobold brigand hits you with a +0 short sword.
* * * LOW HITPOINT WARNING * * *
You feel very sick.
The kobold brigand throws a poisoned dart.
The poisoned dart barely misses you.
The killer bee stings you but does no damage.
You feel sick. The killer bee stings you!
* * * LOW HITPOINT WARNING * * *
You feel better. The killer bee closely misses you. The killer bee stings you.
* * * LOW HITPOINT WARNING * * *
You feel better.
The killer bee stings you but does no damage.
The killer bee stings you.
* * * LOW HITPOINT WARNING * * *
You feel very mighty all of a sudden. The killer bee stings you.
* * * LOW HITPOINT WARNING * * *
The killer bee misses you.
You sock the killer bee!
The killer bee is severely wounded.
The killer bee barely misses you. The killer bee stings you.
* * * LOW HITPOINT WARNING * * *
You barely miss the killer bee.
The killer bee is severely wounded.
The killer bee stings you.
* * * LOW HITPOINT WARNING * * *
You are poisoned.
The killer bee poisons you! The killer bee barely misses you.
You barely miss the killer bee.
The killer bee is severely wounded.
You feel very sick. The killer bee misses you.
The killer bee completely misses you.
You completely miss the killer bee.
The killer bee is severely wounded.
You feel sick. The killer bee stings you.
* * * LOW HITPOINT WARNING * * *
The killer bee stings you!
You die...
Kikubaaqudgha rasps: "You have failed me!
Welcome... death!"

#.## #......## #..##
##.......# ##(.# #........#
#...## #........## #..#Ky###
##.........# #..###..K#
#...)......# ...# ##..#
#..)......## .....
#+..K######.........# ....
..#..KKKy@.##.........#
..........~yK##.#..Z......##
..# ......~.y##...........#
#...⌠.....###....#.....##
##.......###.....##.....#
#....#####.....####Z...#
##..# #....## ##..## ##.
......# ###.# # ...##..#
#.Z.#


You could see a kobold brigand (fast), 2 killer bees and 4 kobolds.

Vanquished Creatures
  Maggie (D:7)
  Menkaure (D:6)
  Duvessa (D:6)
  An ice beast (D:6)
  An orc warrior (D:6)
  A black bear (D:4)
  An ogre (D:5)
  Blork the orc (D:5)
  A bullfrog (D:6)
  5 necrophages
  A gnoll sergeant (D:5)
  2 scorpions
  Dowan (D:6)
  A howler monkey (D:4)
  6 hounds
  A gnoll bouda (D:5)
  2 orc priests (D:3)
  Ijyb (D:3)
  2 orc wizards
  4 iguanas
  14 gnolls
  5 adders
  A white imp (D:6)
  An ufetubus (D:5)
  4 dart slugs
  11 orcs
  7 endoplasms
  8 giant cockroaches
  9 goblins
  5 hobgoblins
  6 jackals
  6 kobolds
  4 quokkas
  6 ball pythons
  5 bats
  A frilled lizard (D:1)
  2 rats
130 creatures vanquished.

Vanquished Creatures (collateral kills)
  An ogre (D:5)
  A jelly (D:4)
  An orc wizard (D:6)
  2 gnolls (D:5)
  An ufetubus (D:6)
  2 endoplasms (D:4)
  A goblin (D:4)
  2 rats (D:1)
11 creatures vanquished.

Vanquished Creatures (others)
  2 orc zombies
  8 plants
10 creatures vanquished.

Grand Total: 151 creatures vanquished

Notes
Turn   | Place    | Note
-------+----------+-------------------------------------------
     0 | D:1      | Powertoast the Ogre Necromancer began the quest for the
                  | Orb.
     0 | D:1      | Reached XP level 1. HP: 16/16 MP: 3/3
   109 | D:1      | Reached skill level 1 in Fighting
   110 | D:1      | Reached skill level 1 in Throwing
   141 | D:1      | Reached XP level 2. HP: 18/27 MP: 2/5
   664 | D:1      | Found a faded altar of an unknown god.
   721 | D:1      | Reached XP level 3. HP: 34/35 MP: 0/7
   991 | D:1      | Learned a level 3 spell: Vampiric Draining
  1286 | D:2      | Found Naolomeu's Book Shoppe.
  1668 | D:2      | Reached skill level 4 in Necromancy
  1670 | D:2      | Reached XP level 4. HP: 26/45 MP: 5/8
  1902 | D:2      | Found Asionkai's Antique Armour Emporium.
  2126 | D:3      | Found a blossoming altar of Fedhas.
  2640 | D:3      | Found a sacrificial altar of Ru.
  2926 | D:4      | Noticed a necrophage
  2934 | D:4      | Learned a level 1 spell: Freeze
  2952 | D:4      | Killed a necrophage
  2953 | D:4      | Reached skill level 1 in Staves
  2953 | D:4      | Reached XP level 5. HP: 5/54 MP: 8/11
  3300 | D:3      | Found a basalt altar of Yredelemnul.
  3300 | D:3      | Found an ancient bone altar of Kikubaaqudgha.
  3374 | D:3      | Became a worshipper of Kikubaaqudgha
  3488 | D:3      | Found a burning altar of Makhleb.
  3706 | D:3      | Noticed Ijyb
  3723 | D:3      | HP: 2/54 [Ijyb/+0 club (4)]
  3724 | D:3      | Killed Ijyb
  4059 | D:3      | Reached XP level 6. HP: 53/62 MP: 3/12
  4739 | D:3      | Reached skill level 5 in Spellcasting
  4860 | D:4      | Found a shimmering altar of Xom.
  5043 | D:4      | Reached XP level 7. HP: 68/71 MP: 10/14
  5211 | D:4      | Reached skill level 1 in Evocations
  5333 | D:4      | Reached skill level 5 in Fighting
  5486 | D:4      | Reached * piety under Kikubaaqudgha
  5486 | D:4      | Received a gift from Kikubaaqudgha
  5487 | D:4      | Reached skill level 5 in Necromancy
  5501 | D:4      | Learned a level 2 spell: Sublimation of Blood
  5506 | D:4      | Learned a level 4 spell: Animate Dead
  6045 | D:5      | Entered Level 5 of the Dungeon
  6346 | D:5      | Found a transporter.
  6440 | D:5      | Reached XP level 8. HP: 77/78 MP: 12/15
  7105 | D:5      | Reached skill level 6 in Necromancy
  7630 | D:5      | Found a transporter.
  7689 | D:5      | HP: 2/73 [necrophage (5)]
  8124 | D:5      | Found a staircase to the Ecumenical Temple.
  8213 | D:5      | Noticed Blork the orc
  8224 | D:5      | Killed Blork the orc
  8604 | D:6      | Noticed Menkaure
  8624 | D:6      | HP: 4/80 [??? (1)]
  9028 | D:6      | Reached skill level 7 in Necromancy
  9028 | D:6      | Reached XP level 9. HP: 88/88 MP: 11/16
  9124 | D:6      | Killed Menkaure
  9125 | D:6      | Reached skill level 1 in Ice Magic
  9397 | D:6      | Found a radiant altar of Vehumet.
  9397 | D:6      | Noticed Duvessa
  9401 | D:6      | Noticed Dowan
  9440 | D:6      | Killed Duvessa
  9448 | D:6      | Killed Dowan
  9732 | D:7      | Noticed Maggie
  9744 | D:7      | Learned a level 5 spell: Agony
  9749 | D:7      | Killed Maggie
 10038 | D:7      | Learned a level 3 spell: Frozen Ramparts
 10248 | D:7      | HP: 2/89 [killer bee (6)]
 10260 | D:7      | Slain by a killer bee

Illustrated notes

Levels and vault maps discovered:
D:1:      enne_arrival_octagon_isle, layout_basic,
          dreamdust_ecumenical_altar_hidden_monk_grotto,
          nicolae_concentric_dashed_squares_mild
D:2:      layout_rooms, serial_shops, nicolae_diamond_shop, shop_fountains
D:3:      layout_loops_ring, mainiacjoe_overflow_boulevard,
          lemuel_crystal_altar, minmay_overflow_temple_star_quad, uniq_ijyb
D:4:      cheibrodos_barr_body, layout_gridville, mainiacjoe_overflow_alcove_4
D:5:      layout_basic, minmay_temple_entry_gardened_gates,
          gammafunk_ghost_abyssal_escape, uniq_blork_the_orc
D:6:      layout_rooms, mainiacjoe_overflow_paths, uniq_duvessa, uniq_menkaure
D:7:      layout_cave_pods, tso_oasis_becter, kennysheep_mini,
          gammafunk_ghost_cemetery, nrook_mini_backslash, uniq_maggie

Skill      XL: |  1  2  3  4  5  6  7  8  9 |
---------------+----------------------------+-----
Fighting       | 1 2 3 4 5 |  5.8
Throwing       | 1 |  1.8
Spellcasting   | 3 4 5 |  5.6
Necromancy     | 4 5 7 |  7.5
Staves         | 1 2 3 4 |  4.9
Evocations     | 2 3 |  3.9
Ice Magic      | 1 |  1.7
Dodging        | |  1.7
Stealth        | |  1.4

Action                   |  1- 3 |  4- 6 |  7- 9 || total
-------------------------+-------+-------+-------++-------
Melee: Unarmed           |     9 |       |       ||     9
       Short sword       |    26 |    10 |       ||    36
       Punch             |     1 |     1 |       ||     2
       Quarterstaff      |       |    31 |   163 ||   194
Throw: Large rock        |     1 |     1 |     9 ||    11
       Dart              |       |       |     4 ||     4
 Cast: Necrotise         |    59 |    77 |   121 ||   257
       Freeze            |       |     1 |       ||     1
       Vampiric Draining |       |    12 |    23 ||    35
       Sublimation of Bl |       |       |     3 ||     3
       Animate Dead      |       |       |     4 ||     4
       Agony             |       |       |     2 ||     2
Evoke: Wand              |       |       |     2 ||     2
  Use: Potion            |     1 |     1 |     9 ||    11
       Scroll            |       |     4 |     4 ||     8
 Stab: Invisible         |       |       |     1 ||     1
Armor: Robe              |    14 |    15 |    98 ||   127
Dodge: Dodged            |    24 |    37 |   143 ||   204
